 Dungeon Crawl Stone Soup version 0.28.0 (webtiles) character file.

Game seed: 2676089027016518477

6223 Lathuz the Protected (level 10, -7/93 HPs)
             Began as a Minotaur Berserker on Feb 9, 2022.
             Was a High Priest of Trog.
             Mangled by a thrashing horror (16 damage)
             ... on level 2 of the Abyss.
             The game lasted 00:18:52 (9164 turns).

Lathuz the Protected (Minotaur Berserker)           Turns: 9164, Time: 00:18:52

Health: -7/93      AC: 19    Str: 27    XL:     10   Next: 61%
Magic:  9/9        EV: 23    Int:  4    God:    Trog [*****.]
Gold:   658        SH:  0    Dex:  9    Spells: 9/9 levels left

rFire   + + .      SeeInvis .   o - +1 war axe (drain)
rCold   . . .      Faith    .   (no shield)
rNeg    . . .      Spirit   .   r - +0 plate armour
rPois   .          Reflect  .   (helmet restricted)
rElec   .          Harm     .   m - +0 cloak
rCorr   .          Rampage  .   u - +0 pair of gloves
Will    ++...                   (no boots)
Stlth   ..........              w - amulet of the acrobat
HPRegen 1.25/turn               a - ring of Xom's Full Attention {rF+ Slay+6}
MPRegen 0.11/turn               G - ring of protection from fire

@: strong-willed, acrobatic, regenerating, studying Armour
A: horns 2, retaliatory headbutt, [subdued magic 2]
a: Renounce Religion, Berserk, Trog's Hand, Brothers in Arms


You were on level 2 of the Abyss.
You worshipped Trog.
Trog was extremely pleased with you.
You visited 2 branches of the dungeon, and saw 10 of its levels.
You visited the Abyss 1 time.

You collected 658 gold pieces.

Inventory:

Hand Weapons
 o - a +1 war axe of draining (weapon)
 L - a +4 antimagic great mace
Missiles
 c - 25 poisoned darts
 h - 8 boomerangs (quivered)
 s - 330 stones
 C - 2 javelins
 I - a throwing net
Armour
 m - a +0 cloak (worn)
 r - a +0 plate armour (worn)
 u - a +0 pair of gloves (worn)
 E - a +0 chain mail of fire resistance
 F - a +2 chain mail of willpower
Jewellery
 a - the ring of Xom's Full Attention (left hand) {rF+ Slay+6}
   (You found it on level 3 of the Dungeon)

   [ring of protection from fire]

   Slay:      It affects your accuracy & damage with ranged weapons and melee
   (+6).
   rF:        It protects you from fire.
 w - an amulet of the acrobat (around neck)
 y - a ring of ice
 G - a ring of protection from fire (right hand)
Wands
 i - a wand of iceblast (7)
 j - a wand of polymorph (2)
 p - a wand of paralysis (10)
 q - a wand of flame (10)
Scrolls
 b - a scroll of holy word {unknown}
 z - a scroll of vulnerability {unknown}
 A - a scroll of teleportation {unknown}
 B - a scroll of fog {unknown}
 D - a scroll of fear {unknown}
 H - a scroll of magic mapping {unknown}
 K - a scroll of immolation
 S - 3 scrolls of summoning
 Z - 9 scrolls of identify {@r1}
Potions
 d - 3 potions of cancellation {unknown}
 e - 4 potions of flight {unknown}
 f - a potion of ambrosia {unknown}
 g - a potion of attraction {unknown}
 k - a potion of heal wounds {unknown}
 l - a potion of berserk rage {unknown}
 n - 3 potions of resistance {unknown}
 t - a potion of degeneration {unknown}
 v - a potion of lignification {unknown}
 x - a potion of haste {unknown}
 J - 4 potions of curing {@q1}
 M - a potion of brilliance {unknown}


   Skills:
 + Level 9.9 Fighting
 * Level 13.3 Axes
 * Level 14.6 Armour
 - Level 2.1 Dodging


You had 9 spell levels left.
You didn't know any spells.
Your spell library was empty.

Dungeon Overview and Level Annotations

Branches:
Dungeon (9/15)             Temple (1/1) D:7             Orc (0/2) D:9
   Lair: D:8-11

Altars:
Kikubaaqudgha
Wu Jian
Yredelemnul

Annotations:
D:9 Erolcha


Innate Abilities, Weirdness & Mutations

You have a pair of horns on your head.
You reflexively headbutt those who attack you in melee.
[Your spells are easier to cast, but less powerful.]


Message History

Something shouts, "Run away, thou artless unchin-snouted Cock-Lorel!"
The thrashing horror churns violently!
The thrashing horror seems to grow stronger.
The wretched star glows turbulently.
The thrashing horror roars!
The thrashing horror tramples you.
* * * LOW HITPOINT WARNING * * *
You hold your ground!
The thrashing horror roars!
The thrashing horror roars!
The thrashing horror roars!
A shadow imp comes into view.
The thrashing horror tramples you!
* * * LOW HITPOINT WARNING * * *
You hold your ground!
Your skin crawls.
You feel strong-willed.
The thrashing horror roars!
A lich appears from thin air!
Reactivating autopickup.
The thrashing horror tramples you.
* * * LOW HITPOINT WARNING * * *
You stumble backwards!
The thrashing horror roars!
The thrashing horror roars!
The lich casts a spell.
The lich flickers and vanishes!
Deactivating autopickup; reactivate with Ctrl-A.
The thrashing horror tramples you.
* * * LOW HITPOINT WARNING * * *
You hold your ground!
The thrashing horror roars!
A neqoxec comes into view.
The thrashing horror roars!
The neqoxec shouts!
The thrashing horror tramples you!
* * * LOW HITPOINT WARNING * * *
You hold your ground!
A large abomination comes into view.
The thrashing horror tramples you!
You die...

..###.
.X# ≈≈...
3. ≈≈≈≈
≈≈
≈..#.##
≈.... ...
#.# #@# #
#X# #.
#X# #..
#.#
#...##.##
#. ..X.#
## ###.##
..
#*#.#....
#....#.


You could see a wretched star, 2 thrashing horrors, 2 large abominations and a
neqoxec.

Vanquished Creatures
  2 kobold demonologists (D:9)
  A komodo dragon (D:9)
  A hornet (D:8)
  A meliai zombie (D:6)
  A shadow (D:9)
  5 yaks (D:9)
  A wraith (D:5)
  A wyvern (D:9)
  A steam dragon (D:8)
  Duvessa (D:5)
  2 water moccasins
  3 orc warriors
  2 sky beasts
  2 necrophages
  An ice beast (D:7)
  2 ogres
  A centaur (D:8)
  A phantom (D:9)
  4 kobold brigands
  2 scorpions (D:5)
  A bullfrog (D:4)
  2 water moccasin zombies (D:6)
  2 wyvern zombies
  3 troll zombies (D:9)
  Dowan (D:5)
  10 killer bees
  A howler monkey (D:5)
  A bullfrog zombie (D:6)
  A centaur zombie (D:6)
  4 hounds
  A jelly (D:6)
  A gnoll shaman (D:6)
  3 orc priests
  Crazy Yiuf (D:2)
  2 centaur skeletons (D:6)
  An iguana (D:5)
  4 orc wizards
  5 ogre zombies (D:9)
  A howler monkey zombie (D:6)
  Robin (D:3)
  12 gnolls
  2 howler monkey skeletons
  3 adders (D:4)
  A shadow imp (D:8)
  2 ufetubi
  3 adder skeletons (D:4)
  4 worms
  3 dart slugs (D:1)
  14 orcs
  7 endoplasms
  3 giant cockroaches
  19 goblins
  7 hobgoblins
  4 jackals (D:1)
  19 kobolds
  4 quokkas
  6 ball pythons
  7 bats
  A goblin skeleton (D:9)
  4 goblin zombies (D:9)
  4 hobgoblin zombies (D:9)
  2 orc skeletons (D:9)
  14 orc zombies (D:9)
  7 rats
233 creatures vanquished.

Vanquished Creatures (others)
  A centaur (D:8)
  A bullfrog (D:8)
  4 fungi (D:2)
6 creatures vanquished.

Grand Total: 239 creatures vanquished

Notes
Turn   | Place    | Note
-------+----------+-------------------------------------------
     0 | D:1      | Lathuz the Minotaur Berserker began the quest for the Orb.
     0 | D:1      | Reached XP level 1. HP: 19/19 MP: 0/0
   215 | D:1      | Reached XP level 2. HP: 23/27 MP: 1/1
   549 | D:1      | Reached XP level 3. HP: 31/33 MP: 2/2
   956 | D:2      | Reached ** piety under Trog
  1424 | D:2      | Reached skill level 5 in Axes
  2330 | D:2      | Found a runed translucent door.
  2331 | D:2      | Noticed Crazy Yiuf
  2338 | D:2      | Killed Crazy Yiuf
  2339 | D:2      | Reached XP level 4. HP: 41/41 MP: 3/3
  2483 | D:3      | Reached skill level 5 in Fighting
  2483 | D:3      | Reached XP level 5. HP: 15/48 MP: 4/4
  2765 | D:3      | Identified the ring of Xom's Full Attention {rF+ Slay+6}
  2986 | D:3      | Found a faded altar of an unknown god.
  3077 | D:3      | Noticed Robin
  3179 | D:3      | Killed Robin
  3534 | D:4      | Reached *** piety under Trog
  3571 | D:4      | Reached skill level 3 in Armour
  3587 | D:4      | Reached XP level 6. HP: 56/56 MP: 5/5
  4376 | D:5      | Entered Level 5 of the Dungeon
  4407 | D:5      | Reached skill level 4 in Armour
  4407 | D:5      | Reached XP level 7. HP: 61/63 MP: 6/6
  4670 | D:5      | Noticed a wraith
  4678 | D:5      | Killed a wraith
  4690 | D:5      | Reached skill level 5 in Armour
  5005 | D:5      | Noticed Dowan
  5008 | D:5      | Noticed Duvessa
  5011 | D:5      | Killed Dowan
  5012 | D:5      | Reached XP level 8. HP: 71/71 MP: 7/7
  5020 | D:5      | Killed Duvessa
  5291 | D:6      | Identified a scroll of acquirement
  5291 | D:6      | Acquired a manual of Armour
  5576 | D:6      | Reached skill level 6 in Armour
  5627 | D:6      | Reached **** piety under Trog
  5634 | D:6      | Paralysed by a gnoll for 5 turns
  5641 | D:6      | Reached skill level 7 in Armour
  5800 | D:6      | Reached skill level 10 in Axes
  5871 | D:6      | Found a basalt altar of Yredelemnul.
  5874 | D:6      | Reached skill level 8 in Armour
  6085 | D:6      | Reached skill level 9 in Armour
  6085 | D:6      | Reached XP level 9. HP: 74/81 MP: 8/8
  6531 | D:7      | Found a staircase to the Ecumenical Temple.
  6568 | D:7      | Reached skill level 10 in Armour
  6620 | Temple   | Entered the Ecumenical Temple
  7114 | D:7      | Reached skill level 11 in Armour
  7483 | D:8      | Reached ***** piety under Trog
  7636 | D:8      | Reached skill level 12 in Armour
  8261 | D:9      | Reached XP level 10. HP: 67/91 MP: 9/9
  8438 | D:9      | Found a staircase to the Orcish Mines.
  8464 | D:9      | Reached skill level 13 in Armour
  8683 | D:9      | Received a gift from Trog
  8903 | D:9      | Reached skill level 14 in Armour
  8967 | D:9      | Found an ornate altar of the Wu Jian Council.
  8967 | D:9      | Found an ancient bone altar of Kikubaaqudgha.
  9079 | D:9      | Noticed Erolcha
  9079 | D:9      | Cast into level 2 of the Abyss (Erolcha)
  9090 | Abyss:2  | Noticed a wretched star
  9110 | Abyss:2  | Noticed a lich
  9114 | Abyss:2  | Noticed a smoke demon
  9118 | Abyss:2  | Noticed a smoke demon
  9141 | Abyss:2  | Noticed a thrashing horror
  9143 | Abyss:2  | Noticed a thrashing horror
  9149 | Abyss:2  | Noticed a large abomination
  9164 | Abyss:2  | Noticed a large abomination
  9164 | Abyss:2  | Mangled by a thrashing horror

Illustrated notes

Levels and vault maps discovered:
D:1:      dpeg_arrival_fog, layout_rooms
D:2:      cheibrodos_helix_gallery, layout_basic, uniq_crazy_yiuf_cottage
D:3:      layout_basic, hellmonk_ecumenical_altar_crossroads, serial_bayou,
          serial_bayou_ford_a, serial_bayou_pond_d, serial_bayou_pond_d,
          serial_bayou_crossing, chequers_serial_rivers_small_a,
          nicolae_concentric_dashed_squares_wild,
          amcnicky_mini_rare_corridor_liquid, hex_tiny, dk_noncrumbling_3,
          uniq_robin
D:4:      layout_loops_corners, cheibrodos_gnoll_hut
D:5:      layout_cave_pools, nicolae_fountain_basement, uniq_duvessa
D:6:      layout_loops_corners, nicolae_yredelemnul_corpse_copse
D:7:      layout_loops_cross, minmay_temple_entry_glass
D:8:      layout_loops_ring
D:9:      minmay_gate_of_8, layout_basic,
          chequers_temple_overflow_statue_of_worship, zombieorc2_lemuel,
          uniq_erolcha
Temple:   regret_index_temple_sphere_string
Abyss:2:  base:
D:2

Skill      XL: |  1  2  3  4  5  6  7  8  9 10 |
---------------+-------------------------------+-----
Axes           | 4 5 6 7 9 10 12 13 | 13.3
Fighting       | 4 5 6 8 9 |  9.9
Armour         | 3 4 5 9 12 14 | 14.6
Dodging        | |  2.1

Action                   |  1- 3 |  4- 6 |  7- 9 | 10-12 || total
-------------------------+-------+-------+-------+-------++-------
Melee: Hand axe          |    91 |    16 |       |       ||   107
       Headbutt          |    14 |    11 |    37 |    23 ||    85
       Punch             |     1 |       |     4 |     1 ||     6
       War axe           |       |    66 |   174 |   105 ||   345
Throw: Stone             |     6 |       |       |       ||     6
       Boomerang         |     3 |     1 |    11 |       ||    15
Invok: Berserk           |     2 |     1 |     1 |       ||     4
       Trog's Hand       |     1 |       |       |     3 ||     4
Evoke: Wand              |       |       |     2 |     1 ||     3
  Use: Scroll            |       |       |     8 |       ||     8
 Stab: Sleeping          |     1 |       |       |       ||     1
Armor: Animal skin       |    18 |     8 |       |       ||    26
       Plate armour      |       |    41 |    79 |    52 ||   172
Dodge: Dodged            |    59 |    40 |    74 |    80 ||   253
